 Dungeon Crawl Stone Soup version 0.19.5 (webtiles) character file.

649 redboom037 the Covert (level 7, -1/46 HPs)
             Began as a Vampire Enchanter on May 4, 2017.
             Slain by a gnoll
             ... wielding a cursed -3 flail
              (8 damage)
             ... on level 4 of the Dungeon on May 9, 2017.
             The game lasted 00:21:45 (3133 turns).

redboom037 the Covert (Vampire Enchanter)           Turns: 3133, Time: 00:21:47

Health: -1/46      AC:  3    Str:  7    XL:     7   Next: 28%
Magic:  6/10       EV: 12    Int: 20    God:
Gold:   225        SH:  0    Dex: 14    Spells: 3 memorised, 4 levels left

rFire  . . .     SeeInvis +     a - +1 dagger
rCold  . . .     Gourm    .     b - +1 robe
rNeg   . . .     Faith    .     (no shield)
rPois  .         Spirit   .     (no helmet)
rElec  .         Reflect  .     (no cloak)
rCorr  .         Harm     .     (no gloves)
MR     .....                    (no boots)
Stlth  ++++......               (no amulet)
                                (no ring)
                                (no ring)

@: regenerating quickly
A: fangs 3, see invisible, unbreathing
a: no special abilities


You were on level 4 of the Dungeon.
You were full.

You visited 1 branch of the dungeon, and saw 4 of its levels.

You collected 225 gold pieces.

Inventory:

Hand Weapons
 a - a +1 dagger (weapon)
Armour
 b - a +1 robe (worn)
Wands
 p - a wand of iceblast (9/15)
 t - a wand of random effects (22/48)
Scrolls
 e - a scroll of fog {unknown}
 f - 2 scrolls of blinking {unknown}
 g - a scroll of immolation {unknown}
 i - a scroll of amnesia {unknown}
 j - a scroll of teleportation {unknown}
 l - 3 scrolls of remove curse
 m - a scroll of enchant armour {unknown}
 q - a scroll of enchant weapon {unknown}
 r - a scroll of fear {unknown}
Potions
 d - 3 potions of blood
 h - a potion of agility
 k - a potion of lignification {unknown}
 n - a potion of heal wounds
 o - a potion of flight
Books
 c - a book of Maledictions

   Spells                             Type                      Level
   a - Corona                         Hexes                        1
   b - Ensorcelled Hibernation        Hexes/Ice                    2
   c - Confuse                        Hexes                        3
   d - Tukima's Dance                 Hexes                        3
   e - Dazzling Spray                 Conjuration/Hexes            3


   Skills:
 - Level 1.1 Short Blades
 - Level 2.1 Dodging
 * Level 9.6 Stealth
 - Level 2.0 Spellcasting
 * Level 9.3 Hexes


You had 4 spell levels left.
You knew the following spells:

 Your Spells              Type           Power        Failure   Level  Hunger
a - Corona                Hex            #####..      1%          1    #......
b - Ensorcelled Hibernat  Hex/Ice        ###...       3%          2    ##.....
c - Confuse               Hex            #####...     1%          3    ###....


Dungeon Overview and Level Annotations

Branches:
Dungeon (4/15)
 Temple: D:4-7

Altars:
Gozag

Annotations:
D:4 KarvaRausku's ghost, novice MiGl


Innate Abilities, Weirdness & Mutations

Your natural rate of healing is unusually fast.
You have razor-sharp teeth.
You have supernaturally acute eyesight. (SInv)
You can survive without breathing.


Message History

The gnoll is lightly wounded.
The gnoll hits you with a club.
The gnoll hits you from afar with a spear.
You barely miss the gnoll.
The gnoll is lightly wounded.
The gnoll closely misses you. The gnoll hits you with a club.
You hit the gnoll.
The gnoll is moderately wounded.
The gnoll seems less confused.
The gnoll misses you. The gnoll hits you with a club.
* * * LOW HITPOINT WARNING * * *
You are too injured to fight recklessly!
You are too injured to fight recklessly!
You are too injured to fight recklessly!
You are too injured to fight recklessly!
You are too injured to fight recklessly!
The gnoll hits you with a flail.
* * * LOW HITPOINT WARNING * * *
The gnoll seems less confused.
The gnoll hits you with a flail!
You die...

......########.....
......#........g..#
......#...........#
......#...........#
......#...........#
......#........g..#
......#.........g.#
......#....>...g..#
...##'#.........@.#
...#.....####'###.#
...#.....#.....##.#
...'.....#....###.###
...#.....#....#.....#
####.....#....#.#.###
.........#....#.._..# #
.........#....###.#.#.#
.........#....#.....#.#


You could see 4 gnolls.

Vanquished Creatures
  Grinder (D:3)
  An ogre (D:4)
  A phantom (D:4)
  2 hounds (D:4)
  Natasha (D:2)
  A worker ant (D:4)
  3 gnolls
  8 adders
  An adder skeleton (D:3)
  2 worms
  2 dart slugs
  A leopard gecko (D:2)
  10 orcs
  6 bats
  3 giant cockroaches
  8 goblins
  2 hobgoblins (D:2)
  A quokka (D:3)
  A ball python (D:1)
  8 frilled lizards
  4 kobolds
  A leopard gecko skeleton (D:4)
  8 rats
76 creatures vanquished.

Notes
Turn   | Place    | Note
-------+----------+-------------------------------------------
     0 | D:1      | redboom037 the Vampire Enchanter began the quest for the Orb.
     0 | D:1      | Reached XP level 1. HP: 13/13 MP: 3/3
   302 | D:1      | Reached XP level 2. HP: 15/19 MP: 5/5
   401 | D:1      | Reached skill level 5 in Stealth
   444 | D:2      | Reached skill level 5 in Hexes
   463 | D:2      | Learned a level 2 spell: Ensorcelled Hibernation
   578 | D:2      | Reached XP level 3. HP: 24/24 MP: 1/6
   747 | D:2      | Noticed Natasha
   834 | D:1      | Reached XP level 4. HP: 12/30 MP: 1/7
  1492 | D:2      | Killed Natasha
  1608 | D:3      | Learned a level 3 spell: Confuse
  1770 | D:3      | Reached XP level 5. HP: 28/35 MP: 8/8
  1851 | D:3      | Noticed Grinder
  1874 | D:3      | Killed Grinder
  1874 | D:3      | Reached XP level 6. HP: 5/41 MP: 4/9
  2238 | D:3      | HP: 1/41 [orc (5)]
  2603 | D:4      | Reached XP level 7. HP: 46/46 MP: 10/10
  2884 | D:4      | Noticed KarvaRausku's ghost (novice MiGl)
  3019 | D:4      | Found an opulent altar of Gozag.
  3133 | D:4      | Slain by a gnoll

Skill      XL: |  1  2  3  4  5  6  7 |
---------------+----------------------+-----
Stealth        | 5 6 8 9 |  9.6
Hexes          | 5 6 7 8 9 |  9.3
Short Blades   | |  1.1
Dodging        | |  2.1
Spellcasting   | |  2.0

Action                   |  1- 3 |  4- 6 |  7- 9 || total
-------------------------+-------+-------+-------++-------
Melee: Dagger            |   110 |   195 |    78 ||   383
       Bite              |     7 |     9 |     8 ||    24
 Cast: Ensorcelled Hiber |     8 |     4 |       ||    12
       Corona            |     1 |       |       ||     1
       Confuse           |       |    12 |    14 ||    26
  Use: Potion            |       |     5 |     6 ||    11
       Scroll            |       |     1 |     3 ||     4
 Stab: Sleeping          |    10 |    11 |     1 ||    22
       Distracted        |       |     1 |       ||     1
       Confused          |       |     3 |     2 ||     5
  Eat: Corpse            |     6 |     5 |       ||    11
Armor: Robe              |    33 |    31 |     9 ||    73
Dodge: Dodged            |    87 |   123 |    41 ||   251
